 Dungeon Crawl Stone Soup version 0.25.1-2-g60ff931df9 (webtiles) character file.

Game seed: 5229963725673232145

12037 gruber the Protected (level 11, -3/100 HPs)
             Began as a Minotaur Gladiator on Aug 21, 2020.
             Was an Elder of Makhleb.
             Slain by a cyan ugly thing (16 damage)
             ... on level 11 of the Dungeon.
             The game lasted 00:14:14 (12759 turns).

gruber the Protected (Minotaur Gladiator)          Turns: 12759, Time: 00:14:15

Health: -3/100     AC: 16    Str: 22    XL:     11   Next: 57%
Magic:  0/10       EV: 15    Int:  5    God:    Makhleb [****..]
Gold:   145        SH: 12    Dex: 12    Spells: 10/10 levels left

rFire    + . .     SeeInvis .   g - +2 short sword (elec)
rCold    . . .     Gourm    .   j - +0 kite shield
rNeg     . . .     Faith    .   a - +1 ring mail {rF+}
rPois    .         Spirit   +   c - +0 hat
rElec    .         Reflect  .   (no cloak)
rCorr    .         Harm     .   (no gloves)
MR       .....                  b - +2 pair of boots
Stlth    +.........             J - amulet of guardian spirit
HPRegen  0.26/turn              w - +4 ring of protection
MPRegen  0.12/turn              (no ring)

@: no status effects
A: retaliatory headbutt, horns 2
a: Minor Destruction, Lesser Servant of Makhleb, Major Destruction, Renounce
Religion


You were on level 11 of the Dungeon.
You worshipped Makhleb.
Makhleb was greatly pleased with you.
You were not hungry.

You visited 2 branches of the dungeon, and saw 12 of its levels.
You also visited: Sewer.

You collected 430 gold pieces.
You spent 285 gold pieces at shops.

Inventory:

Hand Weapons
 g - a +2 short sword of electrocution (weapon)
 s - a +4 short sword
Missiles
 d - 3 throwing nets (quivered)
 n - 5 javelins
 u - 35 poisoned darts
Armour
 a - a +1 ring mail of fire resistance (worn)
 b - a +2 pair of boots (worn)
 c - a +0 hat (worn)
 j - a +0 kite shield (worn)
 H - +0 ice dragon scales
Jewellery
 w - a +4 ring of protection (left hand)
 J - an amulet of guardian spirit (around neck)
Wands
 r - a wand of flame (6)
 A - a wand of disintegration (21)
 B - a wand of paralysis (17)
 I - a wand of clouds (10)
Scrolls
 e - 3 scrolls of remove curse
 k - 7 scrolls of identify
 l - 4 scrolls of magic mapping
 m - 4 scrolls of teleportation
 o - 2 scrolls of enchant weapon
 t - 2 scrolls of amnesia
 v - a scroll of fog
 C - 2 scrolls of fear
Potions
 h - a potion of degeneration {unknown}
 i - 2 potions of brilliance {unknown}
 p - a potion of haste {unknown}
 q - a potion of stabbing {unknown}
 x - 2 potions of lignification {unknown}
 z - 3 potions of heal wounds {unknown}
 D - 4 potions of might {unknown}
 E - 3 potions of magic {unknown}
 F - 2 potions of curing
 G - a potion of flight {unknown}
Comestibles
 f - 14 rations
 K - 5 chunks of flesh


   Skills:
 - Level 10.2 Fighting
 * Level 0.4 Short Blades
   Level 5.0 Axes
   Level 0.2(3.0) Polearms
 - Level 2.0 Throwing
 - Level 12.0 Armour
 - Level 10.1 Dodging
 - Level 11.0 Shields


You had 10 spell levels left.
You didn't know any spells.
Your spell library contained the following spells:

 Spells                   Type           Power        Failure   Level  Hunger
 Confusing Touch          Hex            #.......     98%         3    ####...
 Gell's Gravitas          Tloc           #.........   98%         3    ####...
 Petrify                  Tmut/Erth      #.......     100%        4    #####..
 Metabolic Englaciation   Hex/Ice        #.........   100%        5    ######.
 Yara's Violent Unravell  Hex/Tmut       #.........   100%        5    ######.


Dungeon Overview and Level Annotations

Branches:
Dungeon (11/15)            Temple (1/1) D:4            Lair (0/6) D:9
    Orc (0/2) D:9           Sewer (visited)

Altars:
Ashenzari
Cheibriados
Dithmenos
Elyvilon
Fedhas
Gozag
Hepliaklqana
Kikubaaqudgha
Makhleb
Nemelex Xobeh
Okawaru
Qazlal
Ru
Sif Muna
Trog
Uskayaw
Vehumet
Wu Jian
Xom
Yredelemnul
Zin
The Shining One
Jiyva

Shops:
D:9 (*   D:10 (

Annotations:
D:3 3 runed translucent doors, Hyawatha's ghost, amateur HOAs; Maadim's ghost, amateur OpEE; Rakdos's ghost, amateur GnFi; jperry's ghost, amateur TeCj
D:6 exclusion: oklob plant
D:9 3 runed translucent doors


Innate Abilities, Weirdness & Mutations

You reflexively headbutt those who attack you in melee.
You have a pair of horns on your head.


Message History

The cyan ugly thing is severely wounded.
The cyan ugly thing tentacle-slaps you. The cyan ugly thing shocks you!
You puncture the cyan ugly thing! You headbutt the cyan ugly thing!
The cyan ugly thing is almost dead.
The cyan ugly thing tentacle-slaps you. The cyan ugly thing shocks you!
* * * LOW HITPOINT WARNING * * *
You closely miss the cyan ugly thing.
The cyan ugly thing is almost dead.
The cyan ugly thing tentacle-slaps you.
* * * LOW HITPOINT WARNING * * *
The cyan ugly thing shocks you!
* * * LOW HITPOINT WARNING * * *
You feel better. The cyan ugly thing closely misses you.
You hit the cyan ugly thing.
Your headbutt misses the cyan ugly thing.
The cyan ugly thing is almost dead.
The cyan ugly thing tentacle-slaps you.
* * * LOW HITPOINT WARNING * * *
The cyan ugly thing shocks you!
You die...

................))#......#.###...
................).##...#####.....
................)).#.#'#.#.....##
...............(...###...##..###(
......#..........#...##..)#...').
......#..........##...#.#'##..##(
.......[.......J###..###(.#...##
.....#'#######u# ##......##..#.
... #'# ####@#####......#....
..........##...............##...
..........##........).......#.##
..........##................###
........%.##.....)....#....##
......#+####..........######
...... ####'####### ...... #.#
#.#


You could see a cyan ugly thing and a jelly.

Vanquished Creatures
  Fannar (D:10)
  2 two-headed ogres (D:8)
  Urug (D:11)
  A wizard (D:8)
  An unseen horror (D:11)
  2 manticores (D:11)
  A cyclops (D:11)
  A kobold demonologist (D:11)
  3 trolls
  3 hippogriffs
  A hungry ghost (D:10)
  Menkaure (D:6)
  A small abomination (D:8)
  Duvessa (D:6)
  4 porcupines
  2 orc warriors
  3 ice beasts (D:10)
  5 ogres
  2 centaurs
  2 big kobolds (D:11)
  9 bullfrogs
  Dowan (D:6)
  2 gnoll sergeants
  2 scorpions
  5 killer bees
  A howler monkey (D:10)
  3 centaur zombies
  6 crimson imps
  2 bullfrog zombies (D:11)
  8 hounds
  A jelly (D:9)
  3 centaur skeletons
  2 bullfrog skeletons
  6 orc priests
  5 orc wizards
  2 iguanas
  15 worker ants
  A killer bee zombie (D:10)
  A hound zombie (D:7)
  A hound skeleton (D:8)
  Robin (D:2)
  19 adders
  8 gnolls
  5 river rats
  7 shadow imps
  3 oozes
  An adder zombie (D:6)
  4 adder skeletons
  5 worms
  A dart slug (D:2)
  3 leopard geckos
  37 orcs
  13 ball pythons
  10 bats
  5 giant cockroaches
  16 goblins
  12 hobgoblins
  9 jackals
  7 kobolds
  8 quokkas
  10 frilled lizards
  A jackal skeleton (D:8)
  A leopard gecko skeleton (D:4)
  A quokka skeleton (D:6)
  32 rats
333 creatures vanquished.

Vanquished Creatures (others)
  10 fungi (D:9)
  A plant (D:9)
  2 withered plants (D:3)
13 creatures vanquished.

Grand Total: 346 creatures vanquished

Notes
Turn   | Place    | Note
-------+----------+-------------------------------------------
     0 | D:1      | gruber the Minotaur Gladiator began the quest for the Orb.
     0 | D:1      | Reached XP level 1. HP: 18/18 MP: 0/0
   281 | D:1      | Reached XP level 2. HP: 23/25 MP: 1/1
   751 | D:1      | Reached skill level 5 in Axes
   951 | D:2      | Reached skill level 1 in Shields
   951 | D:2      | Reached XP level 3. HP: 28/30 MP: 2/2
  1321 | D:2      | Noticed Robin
  1329 | D:2      | Reached XP level 4. HP: 21/37 MP: 3/3
  1330 | D:2      | Killed Robin
  1953 | D:3      | Found a runed translucent gate.
  1954 | D:3      | Found a runed translucent gate.
  1956 | D:3      | Found a runed translucent gate.
  1957 | D:3      | Noticed Rakdos's ghost (amateur GnFi)
  1959 | D:3      | Noticed jperry's ghost (amateur TeCj)
  1959 | D:3      | Noticed Maadim's ghost (amateur OpEE)
  1960 | D:3      | Noticed Hyawatha's ghost (amateur HOAs)
  2305 | D:3      | Reached XP level 5. HP: 42/42 MP: 4/4
  2372 | D:3      | Reached skill level 5 in Shields
  2965 | D:4      | Reached skill level 1 in Armour
  2965 | D:4      | Reached XP level 6. HP: 46/50 MP: 5/5
  3081 | D:4      | Reached skill level 2 in Armour
  3375 | D:4      | Found a bloodstained altar of Trog.
  3375 | D:4      | Found an iron altar of Okawaru.
  3380 | D:4      | Found a shattered altar of Ashenzari.
  3382 | D:4      | Found a sacrificial altar of Ru.
  3383 | D:4      | Found a glowing silver altar of Zin.
  3389 | D:4      | Reached skill level 3 in Armour
  3543 | D:4      | Found a stormy altar of Qazlal.
  3557 | D:4      | Found a staircase to the Ecumenical Temple.
  3634 | Temple   | Entered the Ecumenical Temple
  3739 | Temple   | Became a worshipper of Makhleb the Destroyer
  3823 | D:5      | Entered Level 5 of the Dungeon
  3944 | D:5      | Reached skill level 4 in Armour
  4265 | D:5      | Reached skill level 5 in Armour
  4265 | D:5      | Reached XP level 7. HP: 52/56 MP: 6/6
  4410 | D:5      | Found a basalt altar of Yredelemnul.
  4416 | D:5      | Found a sparkling altar of Nemelex Xobeh.
  4566 | D:5      | Found a blossoming altar of Fedhas.
  4580 | D:5      | Reached skill level 6 in Armour
  5165 | D:6      | Found a snail-covered altar of Cheibriados.
  5168 | D:6      | Noticed an oklob plant
  5182 | D:6      | Found a shimmering altar of Xom.
  5184 | D:6      | Found a shimmering altar of Xom.
  5184 | D:6      | Found a shimmering altar of Xom.
  5186 | D:6      | Found a shimmering altar of Xom.
  5194 | D:6      | Found a shimmering altar of Xom.
  5194 | D:6      | Found a shimmering altar of Xom.
  5196 | D:6      | Found a shimmering altar of Xom.
  5338 | D:6      | Reached skill level 7 in Armour
  5371 | D:6      | Reached * piety under Makhleb
  5421 | D:6      | Noticed Duvessa
  5422 | D:6      | Noticed Dowan
  5431 | D:6      | Killed Duvessa
  5438 | D:6      | Killed Dowan
  5438 | D:6      | Reached skill level 8 in Armour
  5486 | D:6      | Noticed Menkaure
  5497 | D:6      | Killed Menkaure
  5497 | D:6      | Reached XP level 8. HP: 48/62 MP: 7/7
  5671 | D:6      | Found a glowing drain.
  5680 | D:6      | Reached skill level 9 in Armour
  5687 | Sewer    | Entered a sewer
  5940 | Sewer    | Reached ** piety under Makhleb
  6561 | D:7      | Found a white marble altar of Elyvilon.
  7231 | D:8      | Noticed a hippogriff
  7237 | D:8      | Killed a hippogriff
  7237 | D:8      | Reached skill level 5 in Fighting
  7237 | D:8      | Reached XP level 9. HP: 75/75 MP: 8/8
  7745 | D:8      | Found a glowing golden altar of the Shining One.
  7828 | D:8      | Reached *** piety under Makhleb
  8150 | D:8      | Noticed a two-headed ogre
  8162 | D:8      | Killed a two-headed ogre
  8162 | D:8      | Reached skill level 10 in Fighting
  8379 | D:8      | Noticed a two-headed ogre
  8388 | D:8      | Killed a two-headed ogre
  8388 | D:8      | Reached skill level 10 in Armour
  8388 | D:8      | Reached XP level 10. HP: 30/93 MP: 9/9
  9094 | D:9      | Noticed a wizard
  9142 | D:8      | Reached skill level 11 in Armour
  9289 | D:8      | Killed a wizard
  9411 | D:9      | Found Okuurok's General Store.
  9414 | D:9      | Bought a potion of curing for 39 gold pieces
  9460 | D:9      | Reached skill level 12 in Armour
  9479 | D:9      | Found an ancient bone altar of Kikubaaqudgha.
  9589 | D:9      | Found Neakleh's Antique Weapon Shop.
  9594 | D:9      | Bought a polished trident for 246 gold pieces
  9594 | D:9      | Identified the cursed +0 trident "Qoink" {flame, Str+4
                  | Int+3} (You bought it in a shop on level 9 of the Dungeon)
  9667 | D:9      | Noticed a large abomination
  9685 | D:8      | HP: 4/93 [small abomination (15)]
 10077 | D:10     | Entered Level 10 of the Dungeon
 10176 | D:9      | Found a runed translucent gate.
 10176 | D:9      | Found a runed translucent gate.
 10176 | D:9      | Found a runed translucent gate.
 10176 | D:9      | Noticed a purple ugly thing
 10176 | D:9      | Noticed a purple ugly thing
 10176 | D:9      | Noticed a cyan ugly thing
 10176 | D:9      | Noticed a purple ugly thing
 10178 | D:9      | Noticed a cyan ugly thing
 10219 | D:10     | Reached skill level 10 in Shields
 10468 | D:10     | Found Wocazxil's Weapon Shop.
 10770 | D:10     | Reached **** piety under Makhleb
 10838 | D:10     | Noticed Fannar
 10963 | D:10     | Killed Fannar
 10963 | D:10     | Reached skill level 5 in Dodging
 10963 | D:10     | Reached XP level 11. HP: 100/100 MP: 8/10
 11322 | D:11     | Noticed Urug
 11922 | D:11     | Killed Urug
 12239 | D:11     | Killed an unseen horror
 12555 | D:11     | Reached skill level 10 in Dodging
 12731 | D:11     | Noticed a cyan ugly thing
 12757 | D:11     | HP: 5/100 [cyan ugly thing (15)]
 12759 | D:11     | Slain by a cyan ugly thing

Illustrated notes

Levels and vault maps discovered:
D:1:      lemuel_arrival_tunnels, layout_basic, minmay_strange_pillars,
          chequers_jeans, chequers_serial_rivers_room_a, minivault_23,
          minivault_5
D:2:      layout_rooms, uniq_robin
D:3:      layout_basic, gammafunk_ghost_cemetery
D:4:      layout_basic, chequers_temple_overflow_minitemple,
          lemuel_doored_altar, minmay_temple_entry_butterflies, first_ration
D:5:      layout_loops_ring, yredelemnul_altar_generic, kennysheep_little_box,
          basic_altar
D:6:      layout_rooms, nicolae_xom_altar_mimics, portal_sewer_entry_e,
          lemuel_oklob_altar, uniq_menkaure, uniq_duvessa
D:7:      layout_loops_cross, elyvilon_altar_5
D:8:      layout_basic, basic_altar
D:9:      layout_rooms, kennysheep_mini, grunt_lair_entry_orc_guard_hut,
          orc_0_dummy, ploomutoo_gammafunk_ghost_potion_laboratory,
          serial_shops, nicolae_shop_crystal, nicolae_shop_behind_doors,
          laboratory
D:10:     layout_loops_corners, serial_shops, nicolae_shop_stone, uniq_fannar
D:11:     minmay_slanted_spiral_squares, layout_basic, uniq_urug
Temple:   pf_slime_end_temple

Skill      XL: |  1  2  3  4  5  6  7  8  9 10 11 |
---------------+----------------------------------+-----
Axes           | 4 5 |  5.0
Shields        | 1 2 4 6 9 11 | 11.0
Armour         | 1 5 8 9 10 12 | 12.0
Fighting       | 5 10 | 10.2
Dodging        | 5 10 | 10.1
Short Blades   | |  0.4
Polearms       | |  0.2
Throwing       | |  2.0

Action                   |  1- 3 |  4- 6 |  7- 9 | 10-12 || total
-------------------------+-------+-------+-------+-------++-------
Melee: War axe           |    11 |     3 |       |       ||    14
       Headbutt          |    12 |    31 |    77 |    71 ||   191
       Short sword       |    74 |   191 |   371 |   279 ||   915
       Trident           |       |       |       |    87 ||    87
Throw: Dart              |       |     2 |       |     1 ||     3
       Throwing net      |       |       |       |     3 ||     3
Evoke: Wand              |       |       |       |     3 ||     3
  Use: Scroll            |       |     1 |       |    11 ||    12
       Potion            |       |       |       |     3 ||     3
  Eat: Chunk             |     1 |    10 |    13 |    14 ||    38
       Ration            |       |       |       |     1 ||     1
Armor: Leather armour    |    22 |     1 |       |       ||    23
       Scale mail        |       |    46 |    95 |       ||   141
       Ring mail         |       |       |    26 |   125 ||   151
       Ice dragon scales |       |       |       |     4 ||     4
Dodge: Dodged            |    42 |    79 |   132 |   186 ||   439
Block: Kite shield       |    30 |   119 |   232 |   234 ||   615
